 Dungeon Crawl Stone Soup version 0.31-a0-851-g7ff8af7976 (webtiles) character file.

Game seed: 12009627220870852189

29 javelincjr the Magician (level 3, -5/31 HPs)
             Began as an Octopode Hedge Wizard on Oct 6, 2023.
             Killed from afar by an orc wizard (8 damage)
             ... with a puff of flame
             ... on level 3 of the Dungeon.
             The game lasted 00:04:46 (1827 turns).

javelincjr the Magician (Octopode Hedge Wizard)     Turns: 1827, Time: 00:04:47

Health: -5/31      AC:  1    Str:  9    XL:     3   Next: 16%
Magic:  10/16      EV: 13    Int: 18    God:
Gold:   111        SH:  0    Dex: 11    Spells: 3/8 levels left

rFire   . . .        a - +0 dagger
rCold   . . .        d - orb {light}
rNeg    . . .        b - +0 hat
rPois   .            (no amulet)
rElec   .            g - ring of magical power
rCorr   .            (no ring)
SInv    .            (no ring)
Will    .....        (no ring) Stlth
                     (no ring)
HPRegen 0.25/turn    (no ring)
MPRegen 0.15/turn    (no ring)
                     (no ring)

%: no passive effects
@: confused, berserking, glowing, very quick
A: almost no armour, amphibious, 8 rings, camouflage 1, gelatinous body 1,
(nimble swimmer 1), tentacles
a: no special abilities


You were on level 3 of the Dungeon.
You visited 1 branch of the dungeon, and saw 3 of its levels.

You collected 111 gold pieces.

Inventory:

Hand Weapons
 a - a +0 dagger (weapon)
Missiles
 h - 6 javelins
 j - 6 poisoned darts
Armour
 b - a +0 hat (worn)
 d - an orb of light (worn)
Jewellery
 e - an amulet of faith
 g - a ring of magical power (left tentacle)
Scrolls
 i - a scroll of revelation {unknown}
Potions
 c - 2 potions of magic


   Skills:
 + Level 2.3 Dodging
 + Level 3.1 Stealth
 + Level 3.2 Spellcasting
 + Level 1.5 Conjurations
 + Level 1.3 Summonings
 + Level 1.3 Translocations


You had 3 spell levels left.
You knew the following spells:

 Your Spells              Type           Power      Damage    Failure   Level
a - Magic Dart            Conj           32%        1d4       9%          1
b - Call Imp              Summ           14%        N/A       14%         2
c - Blink                 Tloc           14%        N/A       14%         2

Your spell library contained the following spells:

 Spells                   Type           Power      Damage    Failure   Level
 Slow                     Hex            8%         N/A       16%         1
 Cigotuvi's Dreadful Rot  Necr/Pois/Air  4%         N/A       24%         2
 Wereblood                Tmut           2%         N/A       24%         2
 Call Canine Familiar     Summ           7%         N/A       26%         3
 Mephitic Cloud           Conj/Pois/Air  4%         N/A       36%         3
 Sigil of Binding         Hex            2%         N/A       43%         3
 Dimensional Bullseye     Hex/Tloc       2%         N/A       77%         4
 Leda's Liquefaction      Hex/Erth       1%         N/A       85%         4
 Irradiate                Conj/Tmut      2%         3d12      97%         5


Dungeon Overview and Level Annotations

Branches:
Dungeon (3/15)

Altars:


Innate Abilities, Weirdness & Mutations

You cannot wear most types of armour.
You are amphibious.
You can wear up to eight rings at the same time.
Your skin changes colour to match your surroundings (Stealth+).
Your rubbery body absorbs attacks. (AC +1, EV +1)
((You are camouflaged when in or above water. (Stealth+)))
You have tentacles for arms and can constrict up to eight enemies at once.


Message History

Your grab misses the orc wizard.
The orc wizard casts a spell.
The orc wizard flickers and vanishes for a moment.
Your cerulean imp closely misses the orc wizard.
You barely miss the orc wizard. Your grab misses the orc wizard.
The orc wizard points at you and mumbles some strange words.
You are confused.
A rat comes into view.
The orc wizard closely misses you.
Your cerulean imp misses the orc wizard.
Okay, then.
The orc wizard hits you with a +0 dagger.
The orc hits you with a +0 flail!
Your cerulean imp hits the orc wizard but does no damage.
In your confused state, you trip and fall back down the stairs.
The orc closely misses you.
The orc wizard points at you and mumbles some strange words.
You resist with significant effort.
Your cerulean imp barely misses the orc wizard.
The orc wizard hits you with a +0 dagger.
Your cerulean imp hits the orc wizard from afar with a -4 spear.
In your confused state, you trip and fall back down the stairs.
* * * LOW HITPOINT WARNING * * *
The orc wizard hits you with a +0 dagger.
* * * LOW HITPOINT WARNING * * *
Your cerulean imp hits the orc wizard but does no damage.
The rat closely misses you.
It was a potion of berserk rage.
A red film seems to cover your vision as you go berserk!
You feel yourself moving faster!
You feel mighty!
The orc wizard hits you with a +0 dagger.
* * * LOW HITPOINT WARNING * * *
The rat barely misses you. The orc wizard barely misses you.
Your cerulean imp barely misses the orc wizard.
You feel a strong urge to attack something.
You barely miss the orc wizard. Your squeeze misses the orc wizard.
The orc wizard is moderately wounded.
The orc wizard casts a spell at you. The puff of flame hits you!
You die...

##### #...# #...#
#...#####
#....... ##
#.....# ..#
#.5)#.### ..o.
#####.@o#...#...#
.......ro.o....#
########.....###
#....###.....#
#..#### ..##..#
... ..# . .. ..#
. ... #...


You could see 2 orc wizards, an orc, a rat and a friendly cerulean imp
(summoned).

Vanquished Creatures
  A dart slug (D:2)
  An orc (D:3)
  An endoplasm (D:2)
  3 goblins
  2 hobgoblins
  2 jackals (D:1)
  4 kobolds
  3 quokkas
  3 ball pythons
  A bat (D:1)
  A frilled lizard (D:2)
  3 rats (D:2)
25 creatures vanquished.

Notes
Turn   | Place    | Note
-------+----------+-------------------------------------------
     0 | D:1      | javelincjr the Octopode Hedge Wizard began the quest for
                  | the Orb.
     0 | D:1      | Reached XP level 1. HP: 11/11 MP: 4/4
   186 | D:1      | Reached XP level 2. HP: 17/17 MP: 6/6
   189 | D:1      | Learned a level 2 spell: Call Imp
   192 | D:1      | Learned a level 2 spell: Blink
  1409 | D:2      | Reached XP level 3. HP: 21/21 MP: 7/7
  1827 | D:3      | Killed from afar by an orc wizard

Illustrated notes

Levels and vault maps discovered:
D:1:      mainiacjoe_arrival_reflecting_pool, layout_loops_ring
D:2:      layout_basic, grunt_ministairs_5
D:3:      kennysheep_the_goblin_king, layout_rooms,
          mainiacjoe_overflow_concentric_impassable, jmf_multi_god_temple2

Skill      XL: |  1  2 |
---------------+-------+-----
Stealth        | 3 |  3.1
Dodging        | |  2.3
Spellcasting   | |  3.2
Conjurations   | |  1.5
Summonings     | |  1.3
Translocations | |  1.3

Action                     || total
---------------------------++-------
  Melee: Dagger            ||    25
         Tentacles         ||    10
         Constrict         ||     9
   Cast: Magic Dart        ||    38
         Call Imp          ||     2
    Use: Potion            ||     1
 Armour: Skin              ||    14
  Dodge: Dodged            ||    20

Table legend: (Time is in decaauts)
 A = Elapsed time spent in this place.
 B = Non-inter-level travel time spent in this place.
 C = Inter-level travel time spent in this place.
 D = Time resting spent in this place.
 E = Time spent auto-exploring this place.
 F = Levels seen in this place.
 G = Mean time per level.
                   A        B        C        D        E       F      G
               +--------+--------+--------+--------+--------+-----+--------+
         Total |   1825 |   1634 |    191 |     33 |   1409 |   3 |  608.3 |
       Dungeon |   1825 |   1634 |    191 |     33 |   1409 |   3 |  608.3 |
               +--------+--------+--------+--------+--------+-----+--------+

Top non-repeatable levels by time:
     D:2: 943 daAuts
     D:1: 847 daAuts
     D:3: 35 daAuts
